 Dungeon Crawl Stone Soup version 0.18.1-48-g4cf74bf (webtiles) character file.

12068 Peloso the Blocker (level 11, -1/102 HPs)
             Began as a Minotaur Fighter on July 24, 2016.
             Was a High Priest of Okawaru.
             Slain by a yak (10 damage)
             ... on level 11 of the Dungeon.
             The game lasted 00:32:23 (11620 turns).

Peloso the Blocker (Minotaur Fighter)              Turns: 11620, Time: 00:32:23

Health: -1/102     AC: 20    Str: 21    XL:     11   Next: 57%
Magic:  19/19      EV:  9    Int:  5    God:    Okawaru [*****.]
Gold:   793        SH: 12    Dex: 13    Spells: 0 memorised, 10 levels left

rFire  . . .     SeeInvis .     y - +2 falchion (holy)
rCold  + . .     Gourm    .     D - +0 plate armour
rNeg   . . .     Faith    .     c - +0 shield
rPois  .         Spirit   .     (helmet restricted)
rElec  .         Dismiss  .     J - +0 cloak
rCorr  .         Reflect  .     t - +0 pair of gloves
SustAt .         Harm     .     m - +1 pair of boots
MR     .....                    (no amulet)
Stlth  ..........               C - ring of protection from cold
                                d - ring of magical power

@: not resistant to hostile enchantments, extremely unstealthy
A: retaliatory headbutt, horns 2
a: Heroism, Finesse, Renounce Religion


You were on level 11 of the Dungeon.
You worshipped Okawaru.
Okawaru was extremely pleased with you.
You were very hungry.

You visited 2 branches of the dungeon, and saw 12 of its levels.

You collected 793 gold pieces.

Inventory:

Hand Weapons
 a - a +0 long sword
 y - a +2 falchion of holy wrath (weapon)
Armour
 c - a +0 shield (worn)
 m - a +1 pair of boots (worn)
 t - a +0 pair of gloves (worn)
 D - a +0 plate armour (worn)
 G - the +2 cloak of Kehocs {rN+ rCorr Str-4 Dex+2}
   (You acquired it on level 9 of the Dungeon)

   It affects your strength (-4).
   It affects your dexterity (+2).
   It protects you from negative energy.
   It protects you from acid and corrosion.
 J - a +0 cloak (worn)
Jewellery
 d - a ring of magical power (left hand)
 s - an uncursed ring of wizardry
 C - a ring of protection from cold (right hand)
Wands
 g - a wand of random effects (30/48)
 h - a wand of hasting (1/9)
Scrolls
 b - a scroll of enchant armour
 e - 5 scrolls of remove curse
 i - a scroll of holy word {unknown}
 k - a scroll of enchant weapon {unknown}
 F - 2 scrolls of magic mapping
Potions
 l - 3 potions of flight
 o - a potion of berserk rage
 p - 2 potions of haste {unknown}
 q - 3 potions of heal wounds
 v - 2 potions of cancellation {unknown}
 A - a potion of brilliance {unknown}
 B - 2 potions of resistance {unknown}
Books
 w - a book of Burglary

   Spells                             Type                      Level
   a - Swiftness                      Charms/Air                   2
   b - Passwall                       Transmutation/Earth          2
   c - Passage of Golubria            Translocation                4
   d - Lee's Rapid Deconstruction     Earth                        5
   e - Darkness                       Hexes                        6
   f - Invisibility                   Hexes                        6
 H - a book of Battle

   Spells                             Type                      Level
   a - Infusion                       Charms                       1
   b - Shroud of Golubria             Charms/Translocation         2
   c - Song of Slaying                Charms                       2
   d - Spectral Weapon                Hexes/Charms                 3
   e - Regeneration                   Charms/Necromancy            3
 I - a book of Death

   Spells                             Type                      Level
   a - Corpse Rot                     Necromancy                   2
   b - Sublimation of Blood           Necromancy                   2
   c - Agony                          Necromancy                   5
   d - Dispel Undead                  Necromancy                   5
   e - Excruciating Wounds            Charms/Necromancy            5
   f - Bolt of Draining               Conjuration/Necromancy       5
Comestibles
 f - 12 bread rations
 n - 4 fruits
 u - 5 beef jerkies
 z - 5 meat rations
 E - 8 slices of pizza


   Skills:
 * Level 11.1 Fighting
 + Level 10.6 Long Blades
 + Level 10.7 Armour
 + Level 6.6 Dodging
 + Level 1.7 Stealth
 + Level 11.1 Shields
 + Level 0.6 Invocations


You had 10 spell levels left.
You didn't know any spells.

Dungeon Overview and Level Annotations

Branches:
Dungeon (11/15)            Temple (1/1) D:4            Lair (0/8) D:11
    Orc (0/2) D:9

Altars:
Ashenzari
Cheibriados
Dithmenos
Elyvilon
Fedhas
Gozag
Kikubaaqudgha
Makhleb
Nemelex Xobeh
Okawaru
Pakellas
Qazlal
Ru
Sif Muna
Trog
Vehumet
Xom
Yredelemnul
Zin
The Shining One

Shops:
D:4 }


Innate Abilities, Weirdness & Mutations

You reflexively headbutt those who attack you in melee.
You have a pair of horns on your head.


Message History

The yak gores you.
* * * LOW HITPOINT WARNING * * *
The yak gores you!
* * * LOW HITPOINT WARNING * * *
You block the yak's attack. The yak gores you but does no damage.
The shadow imp sputters.
The shadow imp hits you but does no damage.
The yak gores you but does no damage. x2
You slash the yak! Your headbutt misses the yak.
The yak is moderately wounded.
The yak gores you but does no damage. You block the yak's attack.
The yak gores you but does no damage. The yak barely misses you.
You furiously retaliate!
You headbutt the yak, but do no damage.
The yak gores you but does no damage. x2
The shadow imp gestures at you.
You struggle to resist.
You slash the yak!
The yak is heavily wounded.
You block the yak's attack. The yak gores you!
You die...

**,,* ###........#..#
**,,**##..............
***,,**##.............†.
*,,,**##................
**,,* #.......P.....:P..
**,*##hh..........P....
*,*#YYYh....♣....♣P...
*,,#Y5Yrr............P
**,#Y@Yr5........P>PP.
*,#YYYr..............
*..h.h........♣P..P..
##............,......
#............,...P..
#..#........,,......
*#..,.......,,,,..♣..
**...,.......,**,,,,,,
**,,**,,,,,,*,,********


You could see 10 yaks, 3 porcupines, a hound, a crimson imp, a river rat, a
shadow imp and 4 jackals.

Vanquished Creatures
  The ghost of Dickchan the Unseen, a novice NaEn of Cheibriados (D:7)
  Pikel (D:8)
  3 hill giants
  3 trolls
  The ghost of unrecovered the Ruffian, an amateur DrTm of Cheibriados (D:4)
  A hog (D:7)
  A wyvern (D:9)
  A basilisk (D:11)
  11 yaks
  A human (D:7)
  Grum (D:8)
  Menkaure (D:5)
  The ghost of unrecovered the Gusty, an amateur TeAE (D:3)
  A water moccasin (D:9)
  3 ice beasts
  3 black bears
  4 porcupines (D:11)
  5 orc warriors (D:9)
  2 wasps
  A sky beast (D:6)
  5 ogres
  4 phantoms
  A necrophage (D:9)
  4 wolves (D:8)
  4 centaurs
  A crocodile (D:11)
  2 big kobolds
  7 giant frogs
  2 scorpions
  12 killer bees (D:9)
  3 electric eels (D:9)
  3 howler monkeys (D:10)
  4 crimson imps
  A giant frog zombie (D:7)
  3 orc priests
  6 hounds
  4 jellies
  2 centaur skeletons
  8 orc wizards
  3 giant frog skeletons
  3 iguanas
  Ijyb (D:2)
  Natasha (thrice) (D:2)
  3 worker ants
  A killer bee zombie (D:9)
  3 sheep (D:7)
  A hound zombie (D:5)
  A hound skeleton (D:9)
  2 worker ant zombies
  3 gnolls (D:5)
  9 adders
  2 river rats (D:11)
  2 shadow imps
  An adder zombie (D:4)
  An adder skeleton (D:6)
  4 worms
  3 dart slugs
  5 giant geckos
  30 orcs
  2 giant cockroaches
  7 goblins
  7 hobgoblins
  2 quokkas
  2 ball pythons
  7 bats
  4 giant newts
  14 kobolds
  A quokka skeleton (D:5)
  A quokka zombie (D:8)
  6 rats
256 creatures vanquished.

Vanquished Creatures (others)
  A kobold (D:9)
  4 fungi (D:7)
5 creatures vanquished.

Grand Total: 261 creatures vanquished

Notes
Turn   | Place    | Note
--------------------------------------------------------------
     0 | D:1      | Peloso the Minotaur Fighter began the quest for the Orb.
     0 | D:1      | Reached XP level 1. HP: 19/19 MP: 0/0
   788 | D:2      | Reached XP level 2. HP: 26/27 MP: 1/1
   998 | D:2      | Reached XP level 3. HP: 20/33 MP: 2/2
  1089 | D:2      | Noticed Natasha
  1093 | D:2      | Killed Natasha
  1134 | D:2      | Noticed Natasha
  1142 | D:2      | Killed Natasha
  1142 | D:2      | Reached XP level 4. HP: 38/41 MP: 3/3
  1197 | D:2      | Noticed Natasha
  1200 | D:2      | Killed Natasha
  1200 | D:2      | Reached skill level 1 in Dodging
  1293 | D:2      | Noticed Ijyb
  1300 | D:2      | Killed Ijyb
  1300 | D:2      | Reached XP level 5. HP: 47/47 MP: 4/4
  1711 | D:3      | Noticed a phantom
  1754 | D:3      | Killed a phantom
  1754 | D:3      | Reached skill level 5 in Armour
  1754 | D:3      | Reached skill level 5 in Shields
  2074 | D:3      | Reached XP level 6. HP: 46/55 MP: 5/5
  2177 | D:3      | Noticed unrecovered's ghost (amateur TeAE)
  2190 | D:3      | Killed unrecovered's ghost
  2190 | D:3      | Reached skill level 5 in Fighting
  2784 | D:4      | Noticed unrecovered's ghost (amateur DrTm)
  2808 | D:4      | Killed unrecovered's ghost
  2808 | D:4      | Reached XP level 7. HP: 28/61 MP: 6/6
  2870 | D:4      | Reached skill level 5 in Long Blades
  2887 | D:4      | Found a staircase to the Ecumenical Temple.
  2913 | Temple   | Entered the Ecumenical Temple
  2924 | D:4      | Found Vyboclis's Gadget Shoppe.
  3493 | D:5      | Entered Level 5 of the Dungeon
  3535 | D:5      | Noticed Menkaure
  3543 | D:5      | Killed Menkaure
  3626 | D:5      | Reached XP level 8. HP: 59/69 MP: 7/7
  3783 | D:5      | Found a sacrificial altar of Ru.
  3816 | D:5      | Found a shadowy altar of Dithmenos.
  4207 | D:6      | Found a sacrificial altar of Ru.
  4208 | D:6      | Found an oddly glowing altar of Pakellas.
  4210 | D:6      | Found a stormy altar of Qazlal.
  4211 | D:6      | Found a glowing golden altar of the Shining One.
  4212 | D:6      | Found an iron altar of Okawaru.
  4217 | D:6      | Became a worshipper of Warmaster Okawaru
  4342 | D:6      | Found a glowing golden altar of the Shining One.
  5466 | D:7      | Found a shattered altar of Ashenzari.
  5530 | D:7      | Reached * piety under Okawaru
  5530 | D:7      | Reached skill level 1 in Stealth
  5671 | D:7      | Noticed Dickchan's ghost (novice NaEn)
  5688 | D:7      | Killed Dickchan's ghost
  5688 | D:7      | Reached ** piety under Okawaru
  5688 | D:7      | Reached skill level 5 in Dodging
  5688 | D:7      | Reached XP level 9. HP: 77/79 MP: 6/8
  6001 | D:7      | Found a blossoming altar of Fedhas.
  6225 | D:8      | Noticed Grum
  6248 | D:8      | Reached *** piety under Okawaru
  6254 | D:8      | Killed Grum
  6484 | D:8      | Reached XP level 10. HP: 78/89 MP: 9/9
  6702 | D:8      | Noticed Pikel
  6718 | D:8      | Killed Pikel
  6932 | D:9      | Identified a scroll of acquirement
  6932 | D:9      | Found a burning altar of Makhleb.
  6958 | D:9      | Reached **** piety under Okawaru
  7141 | D:9      | Got a steaming cloak
  7154 | D:9      | Identified the +2 cloak of Kehocs {rN+ rCorr Str-4 Dex+2} (You acquired it on level 9 of the Dungeon)
  7803 | D:9      | Noticed a hill giant
  7817 | D:9      | Killed a hill giant
  8635 | D:9      | Reached skill level 10 in Armour
  8945 | D:9      | Found a staircase to the Orcish Mines.
  8970 | D:9      | Reached skill level 10 in Shields
  8983 | D:9      | Received a gift from Okawaru
  9468 | D:10     | Entered Level 10 of the Dungeon
  9494 | D:9      | Reached skill level 10 in Fighting
  9505 | D:9      | Reached XP level 11. HP: 56/99 MP: 10/10
  9858 | D:10     | Noticed a hill giant
  9877 | D:10     | HP: 1/99 [hill giant/giant club (14)]
 10274 | D:10     | Killed a hill giant
 10473 | D:10     | Noticed a hill giant
 10504 | D:10     | Killed a hill giant
 10504 | D:10     | Reached skill level 10 in Long Blades
 11085 | D:10     | Reached ***** piety under Okawaru
 11568 | D:11     | Found a staircase to the Lair.
 11620 | D:11     | Slain by a yak

Skill      XL: |  1  2  3  4  5  6  7  8  9 10 11 |
---------------+----------------------------------+-----
Shields        | 4 5 6 7 8 10 11 | 11.1
Fighting       | 4 5 7 8 10 11 | 11.1
Armour         | 4 5 6 8 9 10 | 10.7
Long Blades    | 3 4 5 7 8 9 10 | 10.6
Dodging        | 1 3 5 6 |  6.6
Stealth        | 1 |  1.7
Invocations    | |  0.6

Action                   |  1- 3 |  4- 6 |  7- 9 | 10-12 || total
-------------------------+-------+-------+-------+-------++-------
Melee: Long sword        |    52 |   158 |   170 |       ||   380
       Headbutt          |     7 |    22 |    72 |   137 ||   238
       Falchion          |       |       |   158 |   578 ||   736
Invok: Heroism           |       |       |     1 |     8 ||     9
  Use: Potion            |       |     1 |       |     7 ||     8
       Scroll            |       |       |    12 |     7 ||    19
 Stab: Invisible         |       |       |       |     3 ||     3
  Eat: Chunk             |     1 |     5 |    12 |    15 ||    33
       Royal jelly       |       |       |       |     1 ||     1
Armor: Scale mail        |    23 |    54 |    31 |       ||   108
       Chain mail        |       |       |    76 |    41 ||   117
       Plate armour      |       |       |       |   259 ||   259
Dodge: Dodged            |    16 |    50 |    93 |   176 ||   335
Block: Shield            |    28 |    70 |   173 |   371 ||   642
